 Dungeon Crawl Stone Soup version 0.31-a0-654-gbe3e110b4e (webtiles) character file.

Game seed: 7922485034776910597

19021 thirtiethelement the Covert (level 12, -12/84 HPs)
             Began as a Demonspawn Enchanter on Aug 30, 2023.
             Was a High Priest of Dithmenos.
             Killed from afar by a rime drake (26 damage)
             ... with an icy flash freeze
             ... on level 1 of the Lair of Beasts.
             The game lasted 00:38:52 (12358 turns).

thirtiethelement the Covert (Demonspawn Enchanter) Turns: 12358, Time: 00:38:53

Health: -12/84     AC: 11    Str:  8    XL:     12   Next: 32%
Magic:  3/24       EV: 15    Int: 18    God:    Dithmenos [*****.]
Gold:   1825       SH:  4    Dex: 16    Spells: 16/27 levels left

rFire   + . .        d - +2 dagger (vamp)
rCold   . . .        (no shield)
rNeg    . . .        t - +0 steam dragon scales
rPois   .            u - +2 hat
rElec   .            n - +0 cloak
rCorr   .            E - +2 pair of gloves
SInv    .            (boots unavailable)
Will    .....        x - amulet of regeneration
Stlth   +++++++      P - ring of protection from fire
HPRegen 1.14/turn    (no ring)
MPRegen 0.19/turn

%: no passive effects
@: hasted, wreathed by umbra, very quick
A: hooves 3, foul stench 2, condensation shield, clumsy 1
a: Renounce Religion, Shadow Step, Shadow Form


You were on level 1 of the Lair of Beasts.
You worshipped Dithmenos.
Dithmenos was extremely pleased with you.
You visited 3 branches of the dungeon, and saw 14 of its levels.

You collected 1825 gold pieces.

Inventory:

Hand Weapons
 d - a +2 vampiric dagger (weapon)
Missiles
 B - 13 poisoned darts
 Q - a curare-tipped dart
Armour
 j - a +2 robe of positive energy
 n - a +0 cloak (worn)
 o - a +0 kite shield
 s - a +2 scale mail of willpower
 t - +0 steam dragon scales (worn)
 u - a +2 hat (worn)
 E - a +2 pair of gloves (worn)
Jewellery
 x - an amulet of regeneration (around neck)
 z - an amulet of faith
 L - an amulet of reflection
 P - a ring of protection from fire (left hand)
Wands
 a - a wand of flame (46)
 i - a wand of paralysis (15)
 v - a wand of polymorph (12)
 w - a wand of roots (16)
 C - a wand of mindburst (9)
Scrolls
 b - 2 scrolls of fog
 h - 5 scrolls of teleportation
 k - 3 scrolls of summoning
 q - a scroll of fear
 y - a scroll of blinking
 A - 3 scrolls of enchant weapon
 D - a scroll of torment
 H - a scroll of revelation
 K - 3 scrolls of poison
 M - a scroll of immolation
 N - a scroll of brand weapon
 O - a scroll of enchant armour
 R - a scroll of silence
Potions
 c - 3 potions of invisibility
 e - 3 potions of heal wounds
 f - 3 potions of haste
 g - a potion of resistance {unknown}
 l - a potion of attraction {unknown}
 m - 6 potions of curing
 p - 2 potions of lignification {unknown}
 r - a potion of enlightenment {unknown}
 F - a potion of might {unknown}
 G - 2 potions of berserk rage {unknown}
 J - a potion of brilliance {unknown}


   Skills:
 + Level 4.6 Fighting
 + Level 6.1 Short Blades
 + Level 0.1 Armour
 + Level 6.5 Dodging
 + Level 10.4 Stealth
 + Level 3.5 Shields
 + Level 8.4 Spellcasting
 + Level 0.2 Conjurations
 + Level 8.4 Hexes
 + Level 6.7 Ice Magic


You had 16 spell levels left.
You knew the following spells:

 Your Spells              Type           Power      Damage    Failure   Level
a - Ensorcelled Hibernat  Hex/Ice        68%        N/A       1%          2
b - Confusing Touch       Hex            37%        N/A       1%          3
c - Dazzling Flash        Conj/Hex       46%        N/A       4%          3
d - Tukima's Dance        Hex            37%        N/A       1%          3

Your spell library contained the following spells:

 Spells                   Type           Power      Damage    Failure   Level
 Freeze                   Ice            100%       1d10      1%          1
 Frozen Ramparts          Ice            62%        1d10      1%          3
 Inner Flame              Hex/Fire       22%        N/A       4%          3
 Portal Projectile        Hex/Tloc       44%        N/A       4%          3
 Summon Guardian Golem    Hex/Summ       22%        N/A       4%          3
 Hailstorm                Conj/Ice       20%        3d6       7%          3
 Sting                    Tmut/Pois      28%        1d4       10%         1
 Summon Small Mammal      Summ           28%        N/A       10%         1
 Passwall                 Tmut/Erth      5%         N/A       14%         2
 Poisonous Vapours        Pois/Air       14%        N/A       14%         2
 Leda's Liquefaction      Hex/Erth       11%        N/A       17%         4
 Call Canine Familiar     Summ           7%         N/A       28%         3
 Swiftness                Air            7%         N/A       28%         3
 Flame Wave               Conj/Fire      8%         2d5       65%         4
 Sticky Flame             Conj/Fire      8%         2d3       65%         4
 Olgreb's Toxic Radiance  Pois           7%         N/A       67%         4
 Iskenderun's Battlesphe  Conj           8%         2d6       93%         5
 Fireball                 Conj/Fire      4%         3d4       94%         5
 Conjure Ball Lightning   Conj/Air       4%         3x3d6     100%        6
 Orb of Destruction       Conj           4%         9d5       100%        7


Dungeon Overview and Level Annotations

Branches:
Dungeon (12/15)            Temple (1/1) D:5            Lair (1/5) D:10
    Orc (0/2) D:12

Altars:
Ashenzari
Cheibriados
Dithmenos
Fedhas
Gozag
Hepliaklqana
Kikubaaqudgha
Makhleb
Nemelex Xobeh
Okawaru
Qazlal
Ru
Sif Muna
Trog
Uskayaw
Vehumet
Wu Jian
Xom
Yredelemnul


Innate Abilities, Weirdness & Mutations

You have hooves in place of feet.
You sometimes emit foul miasma when damaged in melee.
A meltable shield of frost defends you. (SH +4)
You are clumsy. (Dex -2)


Message History

The yak closely misses you. x2
Casting: Ensorcelled Hibernation (safe; 1% risk of failure)
Confirm with . or Enter, or press ? or * to list all spells.
Aiming: Ensorcelled Hibernation (safe; 1% risk of failure)
Press: ? - help, Shift-Dir - straight line, f/p - yak
Aim: a yak (umbra, chance to affect: 62%)
The yak looks drowsy...
You block the yak's attack.
The helpless yak fails to defend itself.
You spit the yak like a pig!!!
You kill the yak!
Dithmenos accepts your kill. The rime drake breathes ice at you.
The icy flash freeze hits you!!
* * * LOW HITPOINT WARNING * * *
You are encased in ice.
Okay, then.
You feel much better. The rime drake misses you. The yak gores you.
* * * LOW HITPOINT WARNING * * *
You emit a cloud of foul miasma!
You feel yourself speed up. The ice encasing you melts away.
A nearby plant withers and dies.
You block the rime drake's attack.
The yak is engulfed in dark miasma.
The yak is poisoned.
The yak barely misses you. The rime drake bites you.
* * * LOW HITPOINT WARNING * * *
The yak is engulfed in dark miasma.
The yak looks even sicker.
The yak attacks as it pursues you! The yak barely misses you.
Things that are here:
a yak corpse; a yak corpse
Found two stone staircases leading down.
The rime drake attacks as it pursues you!
The rime drake misses you. The rime drake breathes ice at you.
The icy flash freeze hits you!
* * * LOW HITPOINT WARNING * * *
You are encased in ice.
The ice encasing you melts away. The rime drake breathes ice at you.
The icy flash freeze hits you!!
You die...

#....####.#....#.~~~~~~
#...................~..
#..............#.......
#......................
#.............†.l.......
##..###..#####†#'#.#....
#.#.........#.#.†......
#.P.........###††.###..
#.+....@...##(.l....#
#........#..$......#
##.###..#Yl..........
........k..##....?...
#.......#...###.⌠.###..
#....P##....# .....# #.
# .... #....# .....# ...
#>.⌠## .>..# .. ....#
..#


You could see a yak (poisoned), a rime drake (catching breath) and a wyvern.

Vanquished Creatures
  A boulder beetle (D:11)
  2 ugly things
  Pikel (D:8)
  A cyclops (D:11)
  A manticore (D:12)
  Jeremiah (D:7)
  A gargoyle (D:12)
  3 komodo dragons
  Maggie (D:7)
  3 kobold demonologists
  2 unseen horrors
  4 trolls
  2 hornets
  Sigmund (D:2)
  3 slime creatures (D:12)
  A shadow (D:10)
  4 wraiths
  A wyvern (D:10)
  21 yaks
  A human (D:12)
  A basilisk (D:10)
  Eustachio (D:5)
  A steam dragon (D:7)
  Grum (D:8)
  7 vampire mosquitoes
  A warg (D:12)
  An acid dragon (D:9)
  6 water moccasins
  5 black bears (D:10)
  2 ice beasts
  7 orc warriors
  5 wolves
  9 ogres
  5 centaurs
  Blork the orc (D:5)
  5 bullfrogs
  2 kobold brigands (D:10)
  3 scorpions (D:5)
  8 wights
  6 howler monkeys
  7 hounds
  A gnoll bouda (D:6)
  6 orc priests
  3 jellies
  Crazy Yiuf (D:7)
  2 iguanas
  9 orc wizards
  5 sleepcaps
  Natasha (thrice) (D:3)
  Terence (D:2)
  4 adders
  3 gnolls (D:6)
  A shadow imp (D:8)
  2 ufetubi (D:5)
  6 worms
  5 dart slugs
  42 orcs
  10 ball pythons
  7 endoplasms
  5 giant cockroaches
  10 goblins
  9 hobgoblins
  13 kobolds
  6 quokkas
  7 bats
  4 frilled lizards
  7 rats
311 creatures vanquished.

Vanquished Creatures (others)
  An endoplasm (D:2)
1 creature vanquished.

Grand Total: 312 creatures vanquished

Notes
Turn   | Place    | Note
-------+----------+-------------------------------------------
     0 | D:1      | thirtiethelement the Demonspawn Enchanter began the quest
                  | for the Orb.
     0 | D:1      | Reached XP level 1. HP: 13/13 MP: 3/3
    64 | D:1      | Reached skill level 1 in Short Blades
   127 | D:1      | Gained mutation: A meltable shield of frost defends you.
                  | (SH +4) [demonic ancestry]
   127 | D:1      | Reached XP level 2. HP: 14/19 MP: 5/5
   354 | D:1      | Reached skill level 3 in Stealth
   429 | D:1      | Gained mutation: You may rarely emit foul miasma when
                  | damaged in melee. [demonic ancestry]
   429 | D:1      | Reached XP level 3. HP: 25/25 MP: 6/6
  1100 | D:2      | Learned a level 2 spell: Ensorcelled Hibernation
  1479 | D:2      | Reached skill level 1 in Fighting
  1479 | D:2      | Reached XP level 4. HP: 18/32 MP: 7/7
  1808 | D:2      | Noticed Sigmund
  1808 | D:2      | Noticed Terence
  1839 | D:2      | Killed Sigmund
  1840 | D:2      | Reached XP level 5. HP: 27/38 MP: 0/8
  1858 | D:2      | Killed Terence
  1859 | D:2      | Reached skill level 1 in Shields
  1859 | D:2      | Gained mutation: You have large cloven feet. [demonic
                  | ancestry]
  1859 | D:2      | Reached XP level 6. HP: 41/44 MP: 2/9
  2039 | D:3      | Found a broken altar of Ashenzari.
  2046 | D:3      | Noticed Natasha
  2053 | D:3      | Killed Natasha
  2054 | D:3      | Reached skill level 4 in Stealth
  2106 | D:3      | Noticed Natasha
  2124 | D:3      | Killed Natasha
  2225 | D:3      | Noticed Natasha
  2239 | D:3      | Killed Natasha
  2470 | D:3      | Found a faded altar of an unknown god.
  2689 | D:3      | Found a hazy altar of Hepliaklqana.
  2689 | D:3      | Found a sacrificial altar of Ru.
  2928 | D:4      | Reached skill level 1 in Ice Magic
  3018 | D:4      | Noticed a yak
  3022 | D:4      | Noticed a yak
  3029 | D:4      | Noticed a yak
  3030 | D:4      | Noticed a yak
  3158 | D:3      | Killed a yak
  3159 | D:3      | Gained mutation: You have hoof-like feet. [demonic
                  | ancestry]
  3159 | D:3      | Reached XP level 7. HP: 13/50 MP: 0/11
  3171 | D:3      | Killed a yak
  3241 | D:3      | Killed a yak
  3242 | D:3      | Reached skill level 5 in Stealth
  3297 | D:4      | Killed a yak
  3298 | D:4      | Gained mutation: You sometimes emit foul miasma when
                  | damaged in melee. [demonic ancestry]
  3298 | D:4      | Reached XP level 8. HP: 57/57 MP: 11/13
  3302 | D:4      | Learned a level 3 spell: Confusing Touch
  3306 | D:4      | Learned a level 3 spell: Dazzling Flash
  3648 | D:5      | Entered Level 5 of the Dungeon
  3667 | D:5      | Found an iron altar of Okawaru.
  3702 | D:5      | Found a staircase to the Ecumenical Temple.
  3712 | Temple   | Entered the Ecumenical Temple
  4026 | D:5      | Found a shadowy altar of Dithmenos.
  4034 | D:5      | Became a worshipper of Dithmenos the Shadowed
  4088 | D:5      | Noticed Blork the orc
  4097 | D:5      | Killed Blork the orc
  4213 | D:5      | Reached skill level 6 in Stealth
  4432 | D:5      | Gained mutation: You have hooves in place of feet. [demonic
                  | ancestry]
  4432 | D:5      | Reached XP level 9. HP: 62/62 MP: 13/15
  4443 | D:5      | Noticed Eustachio
  4459 | D:5      | Killed Eustachio
  4807 | D:6      | Reached * piety under Dithmenos
  4904 | D:6      | Reached skill level 7 in Stealth
  4904 | D:6      | Reached skill level 5 in Hexes
  4953 | D:6      | Reached skill level 5 in Spellcasting
  5473 | D:7      | Noticed Maggie
  5488 | D:7      | Killed Maggie
  5520 | D:7      | Noticed Jeremiah
  5586 | D:7      | Paralysed by Jeremiah for 5 turns
  5648 | D:7      | Killed Jeremiah
  5760 | D:7      | Noticed a troll
  5768 | D:7      | Killed a troll
  5769 | D:7      | Reached XP level 10. HP: 70/70 MP: 15/18
  6544 | D:7      | Reached skill level 8 in Stealth
  6588 | D:7      | Found a runed translucent door.
  6589 | D:7      | Noticed Crazy Yiuf
  6596 | D:7      | Killed Crazy Yiuf
  6678 | D:7      | Reached ** piety under Dithmenos
  6870 | D:7      | Found a shimmering blue altar of Sif Muna.
  6967 | D:8      | Noticed Pikel
  7011 | D:8      | Killed Pikel
  7012 | D:8      | Reached skill level 5 in Short Blades
  7083 | D:8      | Learned a level 3 spell: Tukima's Dance
  7113 | D:8      | Noticed Grum
  7118 | D:8      | Killed Grum
  7128 | D:8      | Reached skill level 5 in Ice Magic
  7871 | D:9      | Reached *** piety under Dithmenos
  7877 | D:9      | Reached skill level 9 in Stealth
  8405 | D:10     | Entered Level 10 of the Dungeon
  8430 | D:10     | Reached skill level 5 in Dodging
  8430 | D:10     | Reached XP level 11. HP: 76/76 MP: 10/21
  8515 | D:10     | Found a staircase to the Lair.
  9201 | D:10     | Gained mutation: You are clumsy. (Dex -2) [a neqoxec]
 10242 | D:11     | Noticed a boulder beetle
 10259 | D:11     | Killed a boulder beetle
 10415 | D:11     | Reached **** piety under Dithmenos
 11269 | D:12     | Noticed a brown ugly thing
 11305 | D:11     | Killed a brown ugly thing
 11373 | D:11     | Reached skill level 10 in Stealth
 11587 | D:12     | Noticed a purple ugly thing
 11595 | D:12     | Killed a purple ugly thing
 11596 | D:12     | Reached XP level 12. HP: 84/84 MP: 21/24
 11784 | D:12     | Found a staircase to the Orcish Mines.
 11866 | D:12     | Identified a scroll of acquirement
 11867 | D:12     | Acquired 947 gold pieces
 12254 | Lair:1   | Entered Level 1 of the Lair of Beasts
 12344 | Lair:1   | Reached ***** piety under Dithmenos
 12358 | Lair:1   | Killed from afar by a rime drake

Illustrated notes

Levels and vault maps discovered:
D:1:      sevenhm_arrival_forest_fort_small_3, layout_basic,
          serial_park_tiny_pond, amethyst_killhole, minmay_hexomino_c4
D:2:      layout_basic, uniq_sigmund, uniq_terence
D:3:      layout_rooms, nicolae_overflow_crystal_walls, tso_oasis_becter,
          nicolae_ashenzari_skybound, mainiacjoe_overflow_divided_tiny,
          shapermc_ecumenical_altar_mp_ritualfount, uniq_natasha
D:4:      layout_basic
D:5:      minmay_polygon_palace, layout_rooms, nicolae_dithmenos_the_darkroom,
          okawaru_gym_becter, minmay_temple_entry_mist,
          hangedman_decor_opposing, uniq_blork_the_orc, uniq_eustachio
D:6:      layout_rooms
D:7:      layout_layer_cave, kennysheep_mini, uniq_maggie,
          uniq_crazy_yiuf_cottage, uniq_jeremiah
D:8:      layout_rooms, serial_demonic, serial_demonic_a, serial_demonic_b,
          serial_demonic_c, serial_demonic_c, uniq_grum, uniq_pikel
D:9:      layout_loops_ring, special_room [special_room_orc]
D:10:     layout_basic, minmay_lair_entry_grove
D:11:     layout_basic
D:12:     layout_basic, erik_orc_4
Temple:   nicolae_temple_two_arcs
Lair:1:   layout_chaotic_city, dreamdust_deal_with_the_devil,
          serial_bayou_shore_a, infiniplex_staircase_pool_2, grunt_megastairs_5,
          lemuel_fruit_tree

Skill      XL: |  1  2  3  4  5  6  7  8  9 10 11 12 |
---------------+-------------------------------------+-----
Short Blades   | 1 2 3 4 5 6 |  6.1
Stealth        | 3 4 5 6 7 9 10 | 10.4
Dodging        | 2 3 4 5 6 |  6.5
Fighting       | 1 2 3 4 |  4.6
Shields        | 1 2 3 |  3.5
Ice Magic      | 1 2 4 5 6 |  6.7
Spellcasting   | 3 4 5 7 8 |  8.4
Hexes          | 4 5 6 8 |  8.4
Armour         | |  0.1
Conjurations   | |  0.2

Action                     |  1- 3 |  4- 6 |  7- 9 | 10-12 || total
---------------------------+-------+-------+-------+-------++-------
  Melee: Dagger            |   223 |   144 |   173 |   627 ||  1167
         Punch             |     1 |       |     1 |     7 ||     9
         Kick              |       |    24 |    60 |   219 ||   303
   Cast: Ensorcelled Hiber |       |    20 |    54 |   141 ||   215
         Confusing Touch   |       |       |     5 |     9 ||    14
         Dazzling Flash    |       |       |       |     4 ||     4
    Use: Potion            |       |     1 |       |     2 ||     3
         Scroll            |       |     3 |     9 |     9 ||    21
   Stab: Sleeping          |     6 |    19 |    38 |    79 ||   142
         Distracted        |     1 |       |       |     2 ||     3
         Invisible         |       |     3 |       |     1 ||     4
         Confused          |       |       |     4 |     8 ||    12
 Armour: Robe              |    39 |    30 |    39 |       ||   108
         Leather armour    |     3 |       |       |       ||     3
         Steam dragon scal |       |       |     4 |   176 ||   180
  Dodge: Dodged            |   135 |    92 |    89 |   488 ||   804
  Block: Other             |    31 |    19 |    27 |   118 ||   195

Table legend: (Time is in decaauts)
 A = Elapsed time spent in this place.
 B = Non-inter-level travel time spent in this place.
 C = Inter-level travel time spent in this place.
 D = Time resting spent in this place.
 E = Time spent auto-exploring this place.
 F = Levels seen in this place.
 G = Mean time per level.
                   A        B        C        D        E       F      G
               +--------+--------+--------+--------+--------+-----+--------+
         Total |  12152 |  11636 |    516 |    676 |   7804 |  14 |  868.0 |
       Dungeon |  12060 |  11545 |    515 |    676 |   7782 |  12 | 1005.0 |
        Temple |      1 |      1 |      0 |      0 |      0 |   1 |    1.0 |
          Lair |     90 |     90 |      0 |      0 |     22 |   1 |   90.0 |
               +--------+--------+--------+--------+--------+-----+--------+

Top non-repeatable levels by time:
    D:11: 1529 daAuts
     D:7: 1499 daAuts
    D:10: 1465 daAuts
     D:1: 1065 daAuts
     D:3: 965 daAuts
     D:5: 953 daAuts
     D:2: 906 daAuts
     D:6: 863 daAuts
     D:9: 854 daAuts
    D:12: 752 daAuts
     D:4: 676 daAuts
     D:8: 526 daAuts
  Lair:1: 90 daAuts
  Temple: 1 daAuts
